 Dungeon Crawl Stone Soup version 0.22.1-1-ga44c0e5 (webtiles) character file.

35 suicidejoker the Skirmisher (level 3, -6/29 HPs)
             Began as a Demonspawn Fighter on Oct 3, 2018.
             Mangled by Sigmund
             ... wielding a +0 scythe
              (9 damage)
             ... on level 2 of the Dungeon.
             The game lasted 00:03:28 (832 turns).

suicidejoker the Skirmisher (Demonspawn Fighter)     Turns: 832, Time: 00:03:29

Health: -6/29      AC:  6    Str: 22    XL:     3   Next: 16%
Magic:  0/2        EV:  7    Int:  9    God:
Gold:   20         SH:  9    Dex: 14    Spells: 2/2 levels left

rFire    . . .     SeeInvis .   a - +0 flail
rCold    . . .     Gourm    .   c - +0 shield
rNeg     . . .     Faith    .   b - +0 scale mail
rPois    .         Spirit   +   (no helmet)
rElec    .         Reflect  .   (no cloak)
rCorr    .         Harm     .   (no gloves)
MR       .....                  (no boots)
Stlth    ..........             (no amulet)
HPRegen  0.09/turn              (no ring)
MPRegen  0.08/turn              (no ring)

@: mighty, hasted, very quick
A: agile 1, blink, deterioration 1, low mp 1, magic shield
a: Blink


You were on level 2 of the Dungeon.
You were not hungry.

You visited 1 branch of the dungeon, and saw 2 of its levels.

You collected 20 gold pieces.

Inventory:

Hand Weapons
 a - a +0 flail (weapon)
 j - a cursed -2 whip
Armour
 b - a +0 scale mail (worn)
 c - a +0 shield (worn)
Scrolls
 g - a scroll of remove curse {unknown}
 i - a scroll of blinking {unknown}
Potions
 d - a potion of might
 h - a potion of haste
Comestibles
 f - 4 rations


   Skills:
 + Level 3.3 Fighting
 + Level 2.2 Maces & Flails
 + Level 3.0 Armour
 + Level 3.1 Shields


You had 2 spell levels left.
You didn't know any spells.
Your spell library was empty.

Dungeon Overview and Level Annotations

Branches:
Dungeon (2/15)

Altars:

Annotations:
D:2 Sigmund


Innate Abilities, Weirdness & Mutations

When hurt, damage is shared between your health and your magic reserves.
You are agile. (Dex +2)
You can translocate small distances at will.
Your body sometimes deteriorates upon taking damage.
Your magical capacity is low. (-10% MP)


Message History

You closely miss Sigmund.
Sigmund says, "Don't worry, I'll kill you fast."
Sigmund hits you but does no damage.
You barely miss Sigmund.
Sigmund mumbles some strange words.
Sigmund flickers and vanishes!
Deactivating autopickup; reactivate with Ctrl-A.
You closely miss something. Something hits you!
Your shield and scale mail prevent you from hitting something.
Something hits you!
* * * LOW HITPOINT WARNING * * *
It was a potion of mutation.
You feel extremely strange.
You feel yourself wasting away.
You feel less energetic.
You feel jittery.
You feel agile. Something hits you.
* * * LOW HITPOINT WARNING * * *
It was a potion of haste.
You feel yourself speed up.
Your shield prevents you from hitting something.
Something hits you!
You die...

..#######<######
#..............#
#..............#
#..............#
#########'######
#..#####
#...(..#
.####..###.#
........@.#
..####..{.......
#.##...#... #..
...# . ## #.##
.# .. #.#


There were no monsters in sight!

Vanquished Creatures
  An ooze (D:1)
  A dart slug (D:1)
  A ball python (D:1)
  4 bats (D:1)
  A giant cockroach (D:1)
  3 goblins (D:1)
  5 hobgoblins (D:1)
  5 frilled lizards (D:1)
  2 kobolds (D:1)
  4 rats (D:1)
27 creatures vanquished.

Notes
Turn   | Place    | Note
-------+----------+-------------------------------------------
     0 | D:1      | suicidejoker the Demonspawn Fighter began the quest for the
                  | Orb.
     0 | D:1      | Reached XP level 1. HP: 18/18 MP: 1/1
   239 | D:1      | Gained mutation: When hurt, damage is shared between your
                  | health and your magic reserves. [demonic ancestry]
   239 | D:1      | Reached XP level 2. HP: 22/24 MP: 2/2
   483 | D:1      | Reached XP level 3. HP: 29/29 MP: 3/3
   820 | D:2      | Noticed Sigmund
   830 | D:2      | Gained mutation: Your body sometimes deteriorates upon
                  | taking damage. [potion of mutation]
   830 | D:2      | Gained mutation: Your magical capacity is low. (-10% MP)
                  | [potion of mutation]
   830 | D:2      | Gained mutation: You can translocate small distances at
                  | will. [potion of mutation]
   830 | D:2      | Gained mutation: You are agile. (Dex +2) [potion of
                  | mutation]
   832 | D:2      | Mangled by Sigmund

Skill      XL: |  1  2 |
---------------+-------+-----
Maces & Flails | 2 |  2.2
Shields        | 3 |  3.1
Armour         | 3 |  3.0
Fighting       | |  3.3

Action                   || total
-------------------------++-------
Melee: Flail             ||    88
  Use: Potion            ||     3
Armor: Scale mail        ||    50
Dodge: Dodged            ||    21
Block: Shield            ||    41
